 Dungeon Crawl Stone Soup version 0.26-a0-812-g31a745ddcd (webtiles) character file.

Game seed: 10133717297270348566

69 kae the Ruffian (level 4, 3/31 HPs)
             Began as a Draconian Transmuter on Dec 2, 2020.
             Quit the game on level 1 of the Dungeon.
             The game lasted 00:01:24 (1685 turns).

kae the Ruffian (Draconian Transmuter)              Turns: 1685, Time: 00:01:24

Health: 3/31       AC:  5    Str: 14    XL:     4   Next: 2%
Magic:  7/7        EV: 12    Int: 13    God:
Gold:   77         SH:  0    Dex: 11    Spells: 3/7 levels left

rFire    . . .     SeeInvis .     - Unarmed
rCold    . . .     Faith    .   (no shield)
rNeg     . . .     Spirit   .   (armour unavailable)
rPois    .         Reflect  .   (helmet restricted)
rElec    .         Harm     .   (no cloak)
rCorr    .         Rampage  .   (no gloves)
MR       .....                  (no boots)
Stlth    +.........             (no amulet)
HPRegen  0.10/turn              (no ring)
MPRegen  0.10/turn              (no ring)

@: lethally poisoned (3 -> -1), very slightly contaminated, invisible
A: unfitting armour, antennae 1, big wings, frail 1, cold-blooded, AC +5
a: Fly


You were on level 1 of the Dungeon.
You visited 1 branch of the dungeon, and saw 2 of its levels.

You collected 77 gold pieces.

Inventory:

Jewellery
 e - an uncursed ring of poison resistance {unknown}
Scrolls
 a - a scroll of identify {unknown}
 b - a scroll of remove curse {unknown}
 c - a scroll of enchant armour {unknown}
 d - a scroll of teleportation {unknown}


   Skills:
 + Level 1.6 Fighting
 + Level 2.1 Dodging
 * Level 3.6 Unarmed Combat
 + Level 2.3 Spellcasting
 * Level 2.7 Transmutations
 * Level 0.9 Poison Magic


You had 3 spell levels left.
You knew the following spells:

 Your Spells              Type           Power        Failure   Level
a - Beastly Appendage     Tmut           #.....       9%          1
b - Spider Form           Tmut/Pois      #.........   34%         3

Your spell library contained the following spells:

 Spells                   Type           Power        Failure   Level
 Wereblood                Tmut           #.......     12%         2
 Ice Form                 Ice/Tmut       #.......     80%         4
 Blade Hands              Tmut           #.........   92%         5


Dungeon Overview and Level Annotations

Branches:
Dungeon (2/15)

Altars:


Innate Abilities, Weirdness & Mutations

Your plain brown scales are hard. (AC +5)
You cannot fit into any form of body armour.
You are cold-blooded and may be slowed by cold attacks.
You have a pair of small antennae on your head.
Your large and strong wings let you fly indefinitely.
You are frail. (-10% HP)


Message History

The adder barely misses you.
You hit the adder.
You kill the adder!
You have reached level 4!
You feel stronger.
* * * LOW HITPOINT WARNING * * *
You feel sick.
There is a lethal amount of poison in your body!
It was a potion of invisibility.
You fade into invisibility!
You are very lightly contaminated with residual magic.
It was a potion of mutation.
You feel extremely strange.
You feel frail.
Your wings grow larger and stronger.
A pair of antennae grows on your head!
* * * LOW HITPOINT WARNING * * *
You feel sick.
There is a lethal amount of poison in your body!
There is a lethal amount of poison in your body!
You aren't carrying any potions.
Are you sure you want to abandon this character and quit the game? (Confirm with "yes".)

####### ......#
##....# #....#
##....############
...............†@#
##..############.#
....# #.# ###.#
#.# #.# #.# #.#
#.# #.# #.# #.#
#.# #.#
##########.#


There were no monsters in sight!

Vanquished Creatures
  An adder (D:1)
  An ooze (D:1)
  A worm (D:2)
  2 dart slugs
  A leopard gecko (D:1)
  4 giant cockroaches (D:1)
  5 hobgoblins
  4 jackals (D:1)
  7 bats
  3 frilled lizards
  7 goblins
  7 kobolds (D:1)
  6 rats
49 creatures vanquished.

Notes
Turn   | Place    | Note
-------+----------+-------------------------------------------
     0 | D:1      | kae the Draconian Transmuter began the quest for the Orb.
     0 | D:1      | Reached XP level 1. HP: 16/16 MP: 3/3
   433 | D:1      | Reached XP level 2. HP: 23/23 MP: 5/5
   642 | D:1      | Reached XP level 3. HP: 17/28 MP: 6/6
   791 | D:1      | Learned a level 3 spell: Spider Form
  1169 | D:1      | HP: 1/28 [orc/+0 war axe (1)]
  1682 | D:1      | Reached XP level 4. HP: 4/35 MP: 7/7
  1684 | D:1      | Gained mutation: You are frail. (-10% HP) [potion of
                  | mutation]
  1684 | D:1      | Gained mutation: Your large and strong wings let you fly
                  | indefinitely. [potion of mutation]
  1684 | D:1      | Gained mutation: You have a pair of small antennae on your
                  | head. [potion of mutation]
  1685 | D:1      | Quit the game

Illustrated notes

Levels and vault maps discovered:
D:1:      heliophobic_arrival_enchanted_forest, layout_basic,
          hangedman_decor_growths, minmay_strange_pillars
D:2:      layout_rooms, chequers_ecumenical_altar_simple

Skill      XL: |  1  2 |
---------------+-------+-----
Dodging        | 2 |  2.1
Fighting       | |  1.6
Unarmed Combat | |  3.6
Spellcasting   | |  2.3
Transmutations | |  2.7
Poison Magic   | |  0.9

Action                   |  1- 3 |  4- 6 || total
-------------------------+-------+-------++-------
Melee: Unarmed           |   149 |       ||   149
       Tailslap          |    17 |       ||    17
       Kick              |    22 |       ||    22
       Headbutt          |    12 |       ||    12
 Cast: Beastly Appendage |    31 |       ||    31
  Use: Potion            |     1 |     2 ||     3
Armor: Skin              |    71 |       ||    71
Dodge: Dodged            |   129 |       ||   129

Table legend: (Time is in decaauts)
 A = Elapsed time spent in this place.
 B = Non-inter-level travel time spent in this place.
 C = Inter-level travel time spent in this place.
 D = Time resting spent in this place.
 E = Time spent auto-exploring this place.
 F = Levels seen in this place.
 G = Mean time per level.
                   A        B        C        D        E       F      G
               +--------+--------+--------+--------+--------+-----+--------+
         Total |   1658 |   1577 |     81 |    220 |    981 |   2 |  829.0 |
       Dungeon |   1658 |   1577 |     81 |    220 |    981 |   2 |  829.0 |
               +--------+--------+--------+--------+--------+-----+--------+

Top non-repeatable levels by time:
     D:1: 1470 daAuts
     D:2: 188 daAuts
